 Dungeon Crawl Stone Soup version 0.30.1-3-gfc49f6343a (webtiles) character file.

Game seed: 4162544975936435866

1052 cdecastro the Summoner (level 8, -4/46 HPs)
             Began as a Merfolk Summoner on July 25, 2023.
             Was a Believer of Hepliaklqana.
             Succumbed to a hornet's poison
             ... on level 6 of the Dungeon.
             The game lasted 00:14:59 (6291 turns).

cdecastro the Summoner (Merfolk Summoner)           Turns: 6291, Time: 00:14:59

Health: -4/46      AC:  2    Str:  7 (8)  XL:     8   Next: 26%
Magic:  7/11       EV: 12    Int: 16 (17) God:    Hepliaklqana [**....]
Gold:   315        SH:  5    Dex: 11 (14) Spells: 2/11 levels left

rFire   + . .        s - +1 dagger (flame)
rCold   + . .        (no shield)
rNeg    . . .        a - +0 robe
rPois   .            (no helmet)
rElec   .            g - scarf {rC+ rF+}
rCorr   .            (no gloves)
SInv    .            (no boots)
Will    .....        j - amulet of reflection
Stlth   ++           (no ring)
HPRegen 0.27/turn    (no ring)
MPRegen 0.12/turn

%: reflection
@: lethally poisoned (-4 -> -26), slowed, very slow
A: reduced essence, (nimble swimmer 2), mertail
a: Renounce Religion, Recall Ancestor, Ancestor Identity


You were on level 6 of the Dungeon.
You worshipped Hepliaklqana.
Hepliaklqana was pleased with you.
You visited 1 branch of the dungeon, and saw 6 of its levels.

You collected 315 gold pieces.

Inventory:

Hand Weapons
 l - a +0 dagger
 s - a +1 dagger of flaming (weapon)
Missiles
 m - 4 boomerangs
 C - 2 javelins
Armour
 a - a +0 robe (worn)
 g - a scarf of resistance (worn)
 u - a +0 helmet
 w - an orb of energy
Jewellery
 j - an amulet of reflection (around neck)
Wands
 r - a wand of flame (24)
 v - a wand of polymorph (5)
Scrolls
 d - a scroll of poison {unknown}
 e - 4 scrolls of amnesia {unknown}
 f - 9 scrolls of identify {unknown}
 h - 2 scrolls of fog {unknown}
 k - 2 scrolls of magic mapping {unknown}
 n - 3 scrolls of enchant weapon {unknown}
 t - a scroll of blinking {unknown}
 y - a scroll of immolation {unknown}
 A - 3 scrolls of teleportation {unknown}
 E - a scroll of butterflies {unknown}
 F - a scroll of fear {unknown}
Potions
 b - a potion of magic
 c - 2 potions of heal wounds {unknown}
 i - a potion of brilliance {unknown}
 o - a potion of haste {unknown}
 p - 3 potions of degeneration
 q - a potion of might {unknown}
 x - 2 potions of curing {unknown}
 z - 2 potions of lignification {unknown}
 B - 2 potions of mutation {unknown}
 D - a potion of invisibility {unknown}
 G - a potion of berserk rage {unknown}
 H - a potion of flight {unknown}


   Skills:
 - Level 2.6 Dodging
 - Level 2.1 Stealth
 - Level 2.0 Spellcasting
 + Level 10.3 Summonings


You had 2 spell levels left.
You knew the following spells:

 Your Spells              Type           Power      Damage    Failure   Level
a - Summon Small Mammal   Summ           100%       N/A       1%          1
b - Call Imp              Summ           68%        N/A       1%          2
c - Call Canine Familiar  Summ           34%        N/A       1%          3
d - Summon Guardian Gole  Hex/Summ       18%        N/A       8%          3

Your spell library contained the following spells:

 Spells                   Type           Power      Damage    Failure   Level
 Necrotise                Necr           4%         1d4       21%         1
 Summon Ice Beast         Ice/Summ       18%        N/A       26%         4
 Summon Lightning Spire   Summ/Air       18%        N/A       26%         4
 Vampiric Draining        Necr           1%         2d6       52%         3
 Summon Mana Viper        Hex/Summ       18%        N/A       56%         5
 Monstrous Menagerie      Summ           17%        N/A       95%         7
 Agony                    Necr           1%         N/A       99%         5


Dungeon Overview and Level Annotations

Branches:
Dungeon (6/15)             Temple (0/1) D:6

Altars:
Dithmenos
Hepliaklqana
Makhleb
Nemelex Xobeh
Okawaru
Uskayaw
Vehumet
Wu Jian

Annotations:
D:5 Sigmund


Innate Abilities, Weirdness & Mutations

Your life essence is reduced to manifest your ancestor. (-10% HP)
((You are very nimble when in or above water. (Stealth+, EV+, Speed+++)))
Your lower body shifts to a powerful aquatic tail in water.


Message History

Your hound barely misses the hornet.
Unknown command.
Your cerulean imp hits the hornet but does no damage.
Your hound misses the hornet.
Unknown command.
An adder comes into view.
A phantom comes into view.
Your cerulean imp barely misses the hornet.
Unknown command.
Your cerulean imp hits the hornet but does no damage.
Ankhesenamen hits the hornet with a +0 dagger of draining.
Unknown command.
Your hound is no longer moving slowly.
Unknown command.
Casting: Call Imp (safe; 1% risk of failure)
Confirm with . or Enter, or press ? or * to list all spells.
A guardian golem appears, shielding your allies.
The adder misses your cerulean imp. The hornet stings you!
You feel yourself slow down.
Your cerulean imp hits the hornet but does no damage.
Unknown command.
The hornet attacks as you move away!
The hornet stings you but does no damage.
You feel yourself speed up. The hornet stings you!
* * * LOW HITPOINT WARNING * * *
You are poisoned.
You feel yourself slow down.
Your hound bites the hornet.
The hornet stings you!
* * * LOW HITPOINT WARNING * * *
You are more poisoned.
You feel as though you will be slow longer.
Unknown command.
Okay, then.
Unknown command.
Okay, then.
Unknown command.
It was a potion of degeneration.
There was something very wrong with that liquid.
You feel weakened.
You feel dopey.
You feel clumsy.
You die...

..........######.######
##......###......)....#####
#............#.#..(......#
#............#...>....##.#
#............###.#.....#.#
#............# #.#.....#.#
#............# #.#.....#<# #.
#............###.#..........# #.
#...........59y@.......#.#### #.
#............h##.#..........###.
.....?.S.##..........9.. #.
.........#####.##.#.##5# #.
.........# #.##.####.###.
....$....# # ##.....R.hK<
.........# #.####.###.
#.._..##.# #######.###. #.8.8.
#.# ............


You could see a hornet (ally target), an adder, a friendly guardian golem
(summoned), a friendly hound (summoned, sheltered) and a friendly cerulean imp
(summoned, sheltered).

Vanquished Creatures
  A scorpion (D:5)
  Robin (D:2)
  2 adders
  2 endoplasms
  A giant cockroach (D:2)
  9 goblins
  4 hobgoblins
  3 quokkas
  2 frilled lizards (D:2)
25 creatures vanquished.

Vanquished Creatures (collateral kills)
  Pikel (D:6)
  A black bear (D:6)
  A lemure (D:5)
  A scorpion (D:5)
  A howler monkey (D:4)
  A hound (D:5)
  Jessica (D:2)
  2 iguanas
  7 gnolls
  8 adders
  2 worms
  A dart slug (D:3)
  5 orcs
  A bat (D:1)
  3 endoplasms
  3 giant cockroaches
  A goblin (D:2)
  2 hobgoblins
  3 kobolds
  2 quokkas (D:3)
  2 ball pythons
  4 rats
53 creatures vanquished.

Vanquished Creatures (others)
  A lemure (D:6)
1 creature vanquished.

Grand Total: 79 creatures vanquished

Notes
Turn   | Place    | Note
-------+----------+-------------------------------------------
     0 | D:1      | cdecastro the Merfolk Summoner began the quest for the Orb.
     0 | D:1      | Reached XP level 1. HP: 13/13 MP: 3/3
   517 | D:1      | Reached XP level 2. HP: 19/19 MP: 1/5
   627 | D:1      | Learned a level 2 spell: Call Imp
   964 | D:2      | Reached skill level 5 in Summonings
   964 | D:2      | Reached XP level 3. HP: 24/24 MP: 1/6
  1235 | D:1      | Learned a level 3 spell: Call Canine Familiar
  1457 | D:2      | Noticed Jessica
  1469 | D:2      | Killed Jessica
  1470 | D:2      | Reached XP level 4. HP: 16/30 MP: 0/7
  2060 | D:2      | Noticed Robin
  2105 | D:2      | Killed Robin
  2106 | D:2      | Reached skill level 6 in Summonings
  2154 | D:2      | Reached XP level 5. HP: 35/35 MP: 5/8
  2237 | D:2      | Found an iron altar of Okawaru.
  2863 | D:2      | Reached skill level 7 in Summonings
  2956 | D:3      | Reached XP level 6. HP: 41/41 MP: 7/9
  3126 | D:3      | Found a hazy altar of Hepliaklqana.
  3129 | D:3      | Found a burning altar of Makhleb.
  3132 | D:3      | Found an ornate altar of the Wu Jian Council.
  3137 | D:3      | Found a radiant altar of Vehumet.
  3143 | D:3      | Became a worshipper of Hepliaklqana the Forgotten
  3167 | D:3      | Learned a level 3 spell: Summon Guardian Golem
  3863 | D:4      | Found a shadowy altar of Dithmenos.
  4224 | D:4      | Reached * piety under Hepliaklqana
  4244 | D:4      | Found a hide-covered altar of Uskayaw.
  4508 | D:5      | Entered Level 5 of the Dungeon
  4688 | D:5      | Identified the +0 leather armour of Boredom {Rampage Dex+3}
  4847 | D:5      | Noticed Sigmund
  4957 | D:5      | Reached skill level 8 in Summonings
  5141 | D:5      | Reached XP level 7. HP: 41/41 MP: 8/10
  5779 | D:6      | Noticed Pikel
  6051 | D:6      | Reached ** piety under Hepliaklqana
  6052 | D:6      | Remembered your ancestor Ankhesenamen as a hexer
  6070 | D:6      | Found a sparkling altar of Nemelex Xobeh.
  6163 | D:6      | Found a staircase to the Ecumenical Temple.
  6191 | D:6      | Killed Pikel
  6192 | D:6      | Reached skill level 10 in Summonings
  6192 | D:6      | Reached XP level 8. HP: 25/46 MP: 8/11
  6277 | D:6      | Found a radiant altar of Vehumet.
  6279 | D:6      | Noticed a hornet
  6291 | D:6      | Succumbed to a hornet's poison

Illustrated notes

Levels and vault maps discovered:
D:1:      wander_arrival_lonely_grave, layout_loops_ring, minmay_domino_2
D:2:      minmay_chambers_of_twos, layout_loops_ring, basic_altar,
          amethyst_killhole, uniq_robin, uniq_jessica
D:3:      layout_basic, grunt_temple_overflow_cloverleaf,
          small_statue_intersection, kennysheep_generic_room_4
D:4:      layout_gridville, mainiacjoe_overflow_concentric_impassable,
          mainiacjoe_overflow_tiny_flanked, chequers_avenue
D:5:      layout_basic, uniq_sigmund
D:6:      layout_basic, nemelex_spade_bored_becter, temple_doors_e,
          serial_shops, nicolae_shop_dealshenge, corexii_leaking_fountain,
          hangedman_feature_mirror, abandoned_shop, uniq_pikel

Skill      XL: |  1  2  3  4  5  6  7 |
---------------+----------------------+-----
Summonings     | 5 6 7 8 10 | 10.3
Dodging        | |  2.6
Stealth        | |  2.1
Spellcasting   | |  2.0

Action                     |  1- 3 |  4- 6 |  7- 9 || total
---------------------------+-------+-------+-------++-------
  Melee: Unarmed           |     7 |     8 |       ||    15
         Dagger            |    25 |    78 |    35 ||   138
         Punch             |     1 |     1 |       ||     2
   Cast: Summon Small Mamm |    37 |    10 |       ||    47
         Call Imp          |     9 |     8 |     2 ||    19
         Call Canine Famil |       |    23 |     2 ||    25
         Summon Guardian G |       |       |     2 ||     2
 Invoke: Recall Ancestor   |       |     1 |     2 ||     3
         Ancestor Life: He |       |       |     1 ||     1
    Use: Potion            |       |       |     1 ||     1
   Stab: Sleeping          |     2 |     2 |       ||     4
         Distracted        |       |       |     1 ||     1
         Confused          |       |       |     1 ||     1
 Armour: Robe              |     6 |     8 |     1 ||    15
  Dodge: Dodged            |    21 |    37 |    15 ||    73
  Block: Other             |     8 |    16 |     4 ||    28
